PAAA
SACRAMENTO REDLEGS @ JERSEY CITY TRITONS
08/03/2041
 
TOP OF THE 1ST
Sacramento Redlegs batting - Pitching for Jersey City Tritons : RHP Brian Gardner
Pitching: RHP Brian Gardner
Batting: LHB Gabriel Anaya 0-0: Called Strike
0-1: Swinging Strike
0-2: Fly out, F7 (Flyball, 7LS, EV 85.0 MPH)
Batting: RHB Lautaro Lacasa 0-0: Fly out, F6 (Flyball, 56D, EV 90.0 MPH)
Batting: LHB Yu Miao 0-0: Foul Ball, location: 2F
0-1: Fly out, F9 (Flyball, 9S, EV 83.8 MPH)
Top of the 1st over - 0 runs, 0 hits, 0 errors, 0 left on base; Sacramento 0 - Jersey City 0
BOTTOM OF THE 1ST
Jersey City Tritons batting - Pitching for Sacramento Redlegs : RHP Gustavo Molina
Pitching: RHP Gustavo Molina
Batting: RHB Nate Edwards 0-0: Ball
1-0: Ball
2-0: Ball
3-0: Called Strike
3-1: Foul Ball, location: 2F
3-2: Base on Balls
Batting: RHB Santiago Valentín 0-0: Called Strike
0-1: Called Strike
0-2: Fly out, F8 (Line Drive, 8LD, EV 90.6 MPH)
Batting: RHB Syed Sarkar 0-0: Foul Ball, location: 2F
0-1: Called Strike
0-2: Ball
1-2: Ball
2-2: Foul Ball, location: 2F
2-2: Grounds into double play, 5-4-3 (Groundball, 56S, EV 85.0 MPH)
Bottom of the 1st over - 0 runs, 0 hits, 0 errors, 0 left on base; Sacramento 0 - Jersey City 0
TOP OF THE 2ND
Sacramento Redlegs batting - Pitching for Jersey City Tritons : RHP Brian Gardner
Batting: SHB Temaki Yuka 0-0: Called Strike
0-1: Foul Ball, location: 2F
0-2: Foul Ball, location: 2F
0-2: Ball
1-2: Ball
2-2: Ball
3-2: Foul Ball, location: 2F
3-2: Fly out, F7 (Line Drive, 7D, EV 90.6 MPH)
Batting: LHB Carlos Árias 0-0: Called Strike
0-1: DOUBLE (Line Drive, 9LM, EV 106.2 MPH)
Batting: RHB Ji-hyun Yi 0-0: Ball
1-0: Swinging Strike
1-1: Ball
2-1: Swinging Strike
2-2: Strikes out swinging
Batting: LHB Maxim Abeele 0-0: Ball
1-0: Called Strike
1-1: Ball
2-1: Called Strike
2-2: Ball
3-2: Base on Balls
Batting: RHB Ignacio González 0-0: Ball
1-0: Called Strike
1-1: Foul Ball, location: 2F
1-2: Strikes out swinging
Top of the 2nd over - 0 runs, 1 hit, 0 errors, 2 left on base; Sacramento 0 - Jersey City 0
BOTTOM OF THE 2ND
Jersey City Tritons batting - Pitching for Sacramento Redlegs : RHP Gustavo Molina
Batting: RHB Lorenzo Varela 0-0: SOLO HOME RUN (Line Drive, 9LD, EV 107.5 MPH), Distance : 351 ft
Batting: RHB Mauro Jasso 0-0: Ground out 6-3 (Groundball, 6, EV 84.4 MPH)
Batting: RHB José García 0-0: Ball
1-0: Ball
2-0: Swinging Strike
2-1: Ball
3-1: SINGLE (Groundball, 34D, EV 98.1 MPH)
Batting: RHB Alfredo Valdéz 0-0: Ball
1-0: Ball
2-0: Foul Ball, location: 2F
2-1: SINGLE (Line Drive, 9LS, EV 105.6 MPH)
José García to second
Batting: LHB Steve Whitehead 0-0: Ball
José García steals 3rd, throwing error, E2
José García scores
Alfredo Valdéz to third
1-0: Foul Ball, location: 2F
1-1: Foul Ball, location: 2F
1-2: Foul Ball, location: 2F
1-2: Fly out, F8 (Flyball, 78M, EV 90.0 MPH)
Runner from 3rd tags up, OUT at HOME! 8-2
Bottom of the 2nd over - 2 runs, 3 hits, 1 error, 0 left on base; Sacramento 0 - Jersey City 2
TOP OF THE 3RD
Sacramento Redlegs batting - Pitching for Jersey City Tritons : RHP Brian Gardner
Batting: RHB Chico Custardoi 0-0: Ball
1-0: Foul Ball, location: 2F
1-1: Foul Ball, location: 2F
1-2: Foul Ball, location: 2F
1-2: Foul Ball, location: 2F
1-2: Foul Ball, location: 2F
1-2: Fly out, F3 (Line Drive, 3, EV 67.5 MPH)
Batting: LHB Gabriel Anaya 0-0: Ground out 4-3 (Groundball, 34, EV 96.2 MPH)
Batting: RHB Lautaro Lacasa 0-0: Called Strike
0-1: Swinging Strike
0-2: Ball
1-2: Strikes out swinging
Top of the 3rd over - 0 runs, 0 hits, 0 errors, 0 left on base; Sacramento 0 - Jersey City 2
BOTTOM OF THE 3RD
Jersey City Tritons batting - Pitching for Sacramento Redlegs : RHP Gustavo Molina
Batting: RHB Sun-jae Kwak 0-0: Ball
1-0: Fly out, F9 (Flyball, 9LS, EV 95.0 MPH)
Batting: RHB Nate Edwards 0-0: Fly out, F8 (Flyball, 8RM, EV 84.4 MPH)
Batting: RHB Santiago Valentín 0-0: Ball
1-0: Fly out, F7 (Flyball, 78M, EV 79.4 MPH)
Bottom of the 3rd over - 0 runs, 0 hits, 0 errors, 0 left on base; Sacramento 0 - Jersey City 2
TOP OF THE 4TH
Sacramento Redlegs batting - Pitching for Jersey City Tritons : RHP Brian Gardner
Batting: LHB Yu Miao 0-0: SINGLE (Groundball, 34D, EV 98.1 MPH)
Batting: SHB Temaki Yuka 0-0: Called Strike
0-1: Foul Ball, location: 2F
0-2: Ball
1-2: Ground out 4-3 (Groundball, 34, EV 98.8 MPH)
Yu Miao to second
Batting: LHB Carlos Árias 0-0: Ball
1-0: Ball
2-0: Ball
3-0: Base on Balls
Batting: RHB Ji-hyun Yi 0-0: Foul Ball, location: 2F
0-1: Ball
1-1: Swinging Strike
1-2: Ball
2-2: Ball
3-2: Strikes out swinging
Batting: LHB Maxim Abeele 0-0: Ball
1-0: Ball
2-0: Called Strike
2-1: Ball
3-1: Swinging Strike
3-2: Ground out U3 (Groundball, 34S, EV 95.0 MPH)
Top of the 4th over - 0 runs, 1 hit, 0 errors, 2 left on base; Sacramento 0 - Jersey City 2
BOTTOM OF THE 4TH
Jersey City Tritons batting - Pitching for Sacramento Redlegs : RHP Gustavo Molina
Batting: RHB Syed Sarkar 0-0: Ball
1-0: Fly out, F9 (Flyball, 89D, EV 96.9 MPH)
Batting: RHB Lorenzo Varela 0-0: Swinging Strike
0-1: Called Strike
0-2: Strikes out looking
Batting: RHB Mauro Jasso 0-0: Ground out 6-3 (Groundball, 6, EV 101.2 MPH)
Bottom of the 4th over - 0 runs, 0 hits, 0 errors, 0 left on base; Sacramento 0 - Jersey City 2
TOP OF THE 5TH
Sacramento Redlegs batting - Pitching for Jersey City Tritons : RHP Brian Gardner
Batting: RHB Ignacio González 0-0: Called Strike
0-1: Ball
1-1: Ball
2-1: Foul Ball, location: 2F
2-2: Fly out, F9 (Flyball, 89S, EV 85.0 MPH)
Batting: RHB Chico Custardoi 0-0: Ball
1-0: Ball
2-0: Ground out 5-3 (Groundball, 56, EV 101.2 MPH)
Batting: LHB Gabriel Anaya 0-0: Called Strike
0-1: Foul Ball, location: 2F
0-2: Ball
1-2: Ball
2-2: SINGLE (Groundball, 34D, EV 108.1 MPH)
Batting: RHB Lautaro Lacasa 0-0: Ball
1-0: Fly out, F7 (Line Drive, 7, EV 99.4 MPH)
Top of the 5th over - 0 runs, 1 hit, 0 errors, 1 left on base; Sacramento 0 - Jersey City 2
BOTTOM OF THE 5TH
Jersey City Tritons batting - Pitching for Sacramento Redlegs : RHP Gustavo Molina
Batting: RHB José García 0-0: Called Strike
0-1: Ball
1-1: Ball
2-1: Foul Ball, location: 2F
2-2: Ball
3-2: Ground out 6-3 (Groundball, 6, EV 87.5 MPH)
Batting: RHB Alfredo Valdéz 0-0: Ball
1-0: Ball
2-0: Fly out, F2 (Popup, 25F, EV 78.1 MPH)
Batting: LHB Steve Whitehead 0-0: Ball
1-0: SOLO HOME RUN (Flyball, 9D, EV 107.5 MPH), Distance : 364 ft
Batting: RHB Sun-jae Kwak 0-0: Called Strike
0-1: Ball
1-1: Swinging Strike
1-2: Strikes out swinging
Bottom of the 5th over - 1 run, 1 hit, 0 errors, 0 left on base; Sacramento 0 - Jersey City 3
TOP OF THE 6TH
Sacramento Redlegs batting - Pitching for Jersey City Tritons : RHP Brian Gardner
Batting: LHB Yu Miao 0-0: Swinging Strike
0-1: Ball
1-1: Ball
2-1: Swinging Strike
2-2: Ball
3-2: DOUBLE (Line Drive, 89XD, EV 101.9 MPH)
Batting: SHB Temaki Yuka 0-0: Ball
1-0: Foul Ball, location: 2F
1-1: SINGLE (Groundball, 4MD, EV 105.0 MPH)
Yu Miao to third
Runner from 3rd tries for Home, SAFE, throw by CF to home
Temaki Yuka to second
Batting: LHB Carlos Árias 0-0: Ball
1-0: Ball
2-0: Ball
3-0: Base on Balls
Batting: RHB Ji-hyun Yi 0-0: Swinging Strike
0-1: Swinging Strike
0-2: Foul Ball, location: 2F
0-2: Strikes out swinging
Batting: LHB Maxim Abeele 0-0: Swinging Strike
0-1: Ball
1-1: Foul Ball, location: 2F
1-2: Ball
2-2: Ball
3-2: Foul Ball, location: 2F
3-2: Base on Balls
Temaki Yuka to third
Carlos Árias to second
Pitching: RHP Tom Lee
Batting: RHB Ignacio González 0-0: Ball
1-0: Ball
2-0: Called Strike
2-1: Grounds into fielders choice 4-2 (Groundball, 4, EV 88.8 MPH)
Carlos Árias to third
Maxim Abeele to second
Batting: RHB Chico Custardoi 0-0: Foul Ball, location: 2F
0-1: Called Strike
0-2: Fly out, F8 (Flyball, 8RD, EV 92.5 MPH)
Top of the 6th over - 1 run, 2 hits, 0 errors, 3 left on base; Sacramento 1 - Jersey City 3
BOTTOM OF THE 6TH
Jersey City Tritons batting - Pitching for Sacramento Redlegs : RHP Gustavo Molina
Batting: RHB Nate Edwards 0-0: Foul Ball, location: 2F
0-1: Ball
1-1: Ball
2-1: Foul Ball, location: 2F
2-2: Fly out, F7 (Line Drive, 7D, EV 95.0 MPH)
Batting: RHB Santiago Valentín 0-0: Called Strike
0-1: Foul Ball, location: 2F
0-2: Foul Ball, location: 2F
0-2: Ball
1-2: Fly out, F7 (Flyball, 7, EV 81.2 MPH)
Batting: RHB Syed Sarkar 0-0: Called Strike
0-1: Ball
1-1: Ball
2-1: Ball
3-1: Fly out, F7 (Flyball, 7LM, EV 92.5 MPH)
Bottom of the 6th over - 0 runs, 0 hits, 0 errors, 0 left on base; Sacramento 1 - Jersey City 3
TOP OF THE 7TH
Sacramento Redlegs batting - Pitching for Jersey City Tritons : RHP Tom Lee
Batting: LHB Gabriel Anaya 0-0: Ball
1-0: SINGLE (Line Drive, 9S, EV 85.0 MPH)
Batting: RHB Lautaro Lacasa 0-0: Called Strike
0-1: Sac Bunt to 5S - play at first, batter OUT! 5-3
Gabriel Anaya to second
Batting: LHB Yu Miao 0-0: SINGLE (Popup, 56D, EV 67.5 MPH)
Gabriel Anaya to third
Batting: SHB Temaki Yuka 0-0: Fly out, F5 (Popup, 5SF, EV 73.1 MPH)
Batting: LHB Carlos Árias 0-0: Called Strike
0-1: Swinging Strike
0-2: Hit by Pitch
Yu Miao to second
Batting: RHB Ji-hyun Yi 0-0: Ball
1-0: Ball
2-0: Ball
3-0: Called Strike
3-1: Called Strike
3-2: Base on Balls
Gabriel Anaya scores
Yu Miao to third
Carlos Árias to second
Batting: LHB Maxim Abeele 0-0: Called Strike
0-1: Called Strike
0-2: Strikes out looking
Top of the 7th over - 1 run, 2 hits, 0 errors, 3 left on base; Sacramento 2 - Jersey City 3
BOTTOM OF THE 7TH
Jersey City Tritons batting - Pitching for Sacramento Redlegs : RHP Gustavo Molina
Batting: RHB Lorenzo Varela 0-0: Ball
1-0: Ball
2-0: Foul Ball, location: 2F
2-1: Ball
3-1: Foul Ball, location: 2F
3-2: Foul Ball, location: 2F
3-2: Fly out, F9 (Flyball, 9D, EV 106.9 MPH)
Batting: RHB Mauro Jasso 0-0: Ball
1-0: Ball
2-0: Ball
3-0: Called Strike
3-1: Foul Ball, location: 2F
3-2: Fly out, F8 (Flyball, 78D, EV 96.2 MPH)
Batting: RHB José García 0-0: Called Strike
0-1: Ground out 4-3 (Groundball, 34D, EV 101.9 MPH)
Bottom of the 7th over - 0 runs, 0 hits, 0 errors, 0 left on base; Sacramento 2 - Jersey City 3
TOP OF THE 8TH
Sacramento Redlegs batting - Pitching for Jersey City Tritons : RHP Tom Lee
Batting: RHB Ignacio González 0-0: Ground out 6-3 (Groundball, 6M, EV 90.6 MPH)
Batting: RHB Chico Custardoi 0-0: Foul Ball, location: 2F
0-1: Called Strike
0-2: Ball
1-2: Ball
2-2: Ball
3-2: Ground out 6-3 (Groundball, 56, EV 106.2 MPH)
Batting: LHB Gabriel Anaya 0-0: Ball
1-0: Ground out 4-3 (Groundball, 4, EV 101.9 MPH)
Top of the 8th over - 0 runs, 0 hits, 0 errors, 0 left on base; Sacramento 2 - Jersey City 3
BOTTOM OF THE 8TH
Jersey City Tritons batting - Pitching for Sacramento Redlegs : RHP Gustavo Molina
Batting: RHB Alfredo Valdéz 0-0: Ball
1-0: Ball
2-0: Ball
3-0: Base on Balls
Batting: LHB Steve Whitehead 0-0: Bunt - Flyout to 2L! F2
Batting: RHB Sun-jae Kwak 0-0: Called Strike
0-1: Foul Ball, location: 2F
0-2: Ground out 6-3 (Groundball, 6S, EV 70.6 MPH)
Alfredo Valdéz to second
Batting: RHB Nate Edwards 0-0: Ball
1-0: Ball
2-0: Called Strike
2-1: Ball
3-1: Base on Balls
Pitching: RHP José Valdéz
Batting: RHB Santiago Valentín 0-0: Foul Ball, location: 2F
0-1: Called Strike
0-2: Foul Ball, location: 2F
0-2: Ball
1-2: Ball
2-2: Fly out, F7 (Line Drive, 7D, EV 96.9 MPH)
Bottom of the 8th over - 0 runs, 0 hits, 0 errors, 2 left on base; Sacramento 2 - Jersey City 3
TOP OF THE 9TH
Sacramento Redlegs batting - Pitching for Jersey City Tritons : RHP Tom Lee
Pitching: RHP Keith Johnson
Batting: RHB Lautaro Lacasa 0-0: Ball
1-0: Ball
2-0: Called Strike
2-1: Foul Ball, location: 2F
2-2: Strikes out swinging
Batting: LHB Yu Miao 0-0: Called Strike
0-1: Ball
1-1: Foul Ball, location: 2F
1-2: Fly out, F7 (Line Drive, 7, EV 105.6 MPH)
Batting: SHB Temaki Yuka 0-0: Ball
1-0: Foul Ball, location: 2F
1-1: Called Strike
1-2: Ground out 6-3 (Groundball, 6, EV 78.1 MPH)
Top of the 9th over - 0 runs, 0 hits, 0 errors, 0 left on base; Sacramento 2 - Jersey City 3
Tuesday, January 5th, 2021 - OOTP Baseball 20.8 Build 74